 Dungeon Crawl Stone Soup version 0.23-a0-386-g9c9d49f623 (webtiles) character file.

78 MeekVeins the Changer (level 4, -5/19 HPs)
             Began as a Felid Transmuter on Oct 29, 2018.
             Killed by nerve-wracking pain
             ... invoked by an orc priest
              (14 damage)
             ... on level 3 of the Dungeon.
             The game lasted 00:15:43 (3865 turns).

MeekVeins the Changer (Felid Transmuter)            Turns: 3865, Time: 00:15:43

Health: -5/19      AC:  1    Str:  6    XL:     4   Next: 15%
Magic:  4/8        EV: 18    Int: 15    God:
Gold:   133        SH:  0    Dex: 17    Spells: 1/7 levels left
                                        Lives:  0   Deaths: 1

rFire    . . .     SeeInvis +     - Unarmed
rCold    . . .     Gourm    .   (shield unavailable)
rNeg     . . .     Faith    .   (armour unavailable)
rPois    .         Spirit   .   (helmet unavailable)
rElec    .         Reflect  .   (cloak unavailable)
rCorr    .         Harm     .   (gloves unavailable)
MR       .....                  (boots unavailable)
Stlth    ++........             (no amulet)
HPRegen  0.06/turn              (no ring)
MPRegen  0.11/turn              (no ring)

@: very slightly contaminated, quick
A: very small, no armour, no weapons or thrown items, stealth, claws 1, fangs 3,
see invisible, carnivore, speed 1, shaggy fur 1, slow metabolism 1, sharp paws
a: no special abilities


You were on level 3 of the Dungeon.
You were full.

You visited 1 branch of the dungeon, and saw 3 of its levels.

You collected 133 gold pieces.

Inventory:

Missiles
 a - 27 arrows
Scrolls
 B - 3 scrolls of teleportation {unknown}
 E - 3 scrolls of identify {unknown}
 T - a scroll of magic mapping {unknown}
 U - 2 scrolls of fog {unknown}
 V - 3 scrolls of fear {unknown}
 W - a scroll of amnesia {unknown}
Potions
 C - 2 potions of brilliance {unknown}
 F - a potion of cancellation
 H - a potion of invisibility {unknown}
 Q - 2 potions of curing
 S - 3 potions of lignification {unknown}
 Y - 2 potions of ambrosia {unknown}
 Z - a potion of mutation {unknown}
Comestibles
 z - 9 rations


   Skills:
 - Level 1.0 Fighting
 - Level 2.6 Dodging
 - Level 3.0 Unarmed Combat
 - Level 2.0 Spellcasting
 + Level 5.9 Transmutations


You had one spell level left.
You knew the following spells:

 Your Spells              Type           Power        Failure   Level  Hunger
a - Beastly Appendage     Tmut           ###...       1%          1    #......
x - Spider Form           Tmut/Pois      ##........   21%         3    ###....
S - Sticks to Snakes      Tmut           ###.....     3%          2    ###....

Your spell library contained the following spells:

 Spells                   Type           Power        Failure   Level  Hunger
 Blade Hands              Tmut           ###.......   47%         5    ######.
 Ice Form                 Ice/Tmut       ##......     54%         4    #####..


Dungeon Overview and Level Annotations

Branches:
Dungeon (3/15)

Altars:
Fedhas
Hepliaklqana
Makhleb
Vehumet

Annotations:
D:3 2 transporters, Grinder


Innate Abilities, Weirdness & Mutations

You cannot wear armour.
You are incapable of wielding weapons or throwing items.
Your paws allow you to move quietly. (Stealth)
You have sharp claws.
You have razor-sharp teeth.
You have supernaturally acute eyesight. (SInv)
You are carnivorous and can eat meat at any time.
You cover ground quickly.
You are covered in fur. (AC +1)
You have a slow metabolism.
Your sharp claws are effective at attacking unaware monsters.


Message History

Casting: Beastly Appendage (safe; 1% risk of failure)
Confirm with . or Enter, or press ? or * to list all spells.
You don't know that spell.
Unknown command.
Casting: Beastly Appendage (safe; 1% risk of failure)
Confirm with . or Enter, or press ? or * to list all spells.
You miscast Sticks to Snakes.
You are very lightly contaminated with residual magic.
Strange energies run through your body.
Casting: Sticks to Snakes (safe; 3% risk of failure)
Confirm with . or Enter, or press ? or * to list all spells.
You create a snake!
You now have 27 arrows.
The orc priest mumbles some strange prayers to Beogh against you.
Pain shoots through your body!
You swap places.
Your horns disappear.
The orc priest mumbles some strange prayers to Beogh against you.
Pain shoots through your body!
Ouch! That really hurt!
You die...

#.#......©........÷#
#.#.####...#######.# #.#.#
##..........# ..#.#
##÷######### #.#.######.#######
...............#
#.######.#####.#
#....###.#####.####
#............S@...#############
.......#.#####o##........(.....
.........#####)#####[##########
..o%.....o.....# #.#
o...o...#####.######.# .......#
#........# #.....# ##########
##...#


You could see an orc priest and a friendly adder.

Vanquished Creatures
  An adder (D:2)
  An ooze (D:1)
  2 worms (D:2)
  3 orcs (D:3)
  8 bats
  7 giant cockroaches
  8 goblins
  8 hobgoblins
  10 jackals
  13 kobolds
  3 quokkas
  7 frilled lizards
  8 rats
79 creatures vanquished.

Vanquished Creatures (collateral kills)
  Jessica (D:2)
  An iguana (D:3)
  Robin (D:2)
  An adder (D:1)
  A goblin (D:2)
  A jackal (D:2)
6 creatures vanquished.

Grand Total: 85 creatures vanquished

Notes
Turn   | Place    | Note
-------+----------+-------------------------------------------
     0 | D:1      | MeekVeins the Felid Transmuter began the quest for the Orb.
     0 | D:1      | Reached XP level 1. HP: 9/9 MP: 4/4
   147 | D:1      | Reached skill level 3 in Transmutations
   147 | D:1      | Reached XP level 2. HP: 12/12 MP: 4/6
   825 | D:1      | Reached XP level 3. HP: 14/15 MP: 7/7
   912 | D:2      | Noticed Jessica
  1083 | D:2      | Noticed Robin
  1089 | D:1      | Reached skill level 4 in Transmutations
  1155 | D:1      | Learned a level 2 spell: Sticks to Snakes
  1159 | D:1      | Learned a level 3 spell: Spider Form
  2060 | D:2      | Killed Jessica
  2065 | D:2      | Reached XP level 4. HP: 15/19 MP: 1/8
  2073 | D:2      | Killed Robin
  2317 | D:2      | Reached skill level 5 in Transmutations
  2500 | D:2      | Found a burning altar of Makhleb.
  2701 | D:2      | Found a hazy altar of Hepliaklqana.
  2708 | D:2      | Found a radiant altar of Vehumet.
  2713 | D:2      | Found a blossoming altar of Fedhas.
  3314 | D:3      | Noticed Grinder
  3351 | D:3      | Found a transporter.
  3403 | D:3      | Reached XP level 5. HP: 8/22 MP: 3/9
  3715 | D:3      | Found a transporter.
  3810 | D:3      | Killed from afar by Grinder
  3811 | D:3      | Reached XP level 4. HP: -3/19 MP: 5/8
  3865 | D:3      | Killed from afar by an orc priest

Vault maps used:
D:1:      sevenhm_arrival_forest_fort_small_4, minmay_misc_feat_iff,
          minmay_pentomino_u4
D:2:      bloody_makhleb, minmay_overflow_temple_star_quad, serial_bayou_lake_a,
          uniq_robin, uniq_jessica
D:3:      gammafunk_wand_slinger, nrook_uturn, uniq_grinder

Skill      XL: |  1  2  3  4 |
---------------+-------------+-----
Transmutations | 3 4 5 |  5.9
Fighting       | |  1.0
Dodging        | |  2.6
Unarmed Combat | |  3.0
Spellcasting   | |  2.0

Action                   |  1- 3 |  4- 6 || total
-------------------------+-------+-------++-------
Melee: Unarmed           |   117 |   125 ||   242
       Headbutt          |    13 |    18 ||    31
       Bite              |     5 |    13 ||    18
       Punch             |     1 |     2 ||     3
 Cast: Beastly Appendage |    16 |    18 ||    34
       Sticks to Snakes  |     5 |     7 ||    12
  Use: Potion            |     1 |     1 ||     2
 Stab: Sleeping          |       |     6 ||     6
       Distracted        |       |     1 ||     1
  Eat: Chunk             |    10 |     7 ||    17
Armor: Skin              |     7 |     6 ||    13
Dodge: Dodged            |   156 |    94 ||   250

Table legend:
 A = Non-vault XP
 B = Vault XP
 C = Vault XP percentage of total XP
 D = Non-vault monster count
 E = Vault monster count
 F = Vault count percentage of total count
                 A         B        C        D         E       F
            +---------+---------+-------+---------+---------+-------
      Total |     171 |      49 |  22.3 |      70 |      15 |  17.6
            +---------+---------+-------+---------+---------+-------
        D:1 |      52 |      16 |  23.5 |      24 |      10 |  29.4
        D:2 |      58 |      33 |  36.3 |      23 |       5 |  17.9
        D:3 |      61 |       0 |   0.0 |      23 |       0 |   0.0
            +---------+---------+-------+---------+---------+-------
